 Dungeon Crawl Stone Soup version 0.22.1-2-g9c5b331 (webtiles) character file.

30 Anon1729 the Sneak (level 3, 0/21 HPs)
             Began as an Octopode Ice Elementalist on Nov 18, 2018.
             Succumbed to an adder's poison
             ... on level 2 of the Dungeon.
             The game lasted 00:01:39 (1163 turns).

Anon1729 the Sneak (Octopode Ice Elementalist)      Turns: 1163, Time: 00:01:40

Health: 0/21       AC:  1    Str:  7    XL:     3   Next: 18%
Magic:  5/6        EV: 13    Int: 18    God:
Gold:   73         SH:  0    Dex: 12    Spells: 5/6 levels left

rFire    + . .     SeeInvis .   l - +0 whip (elec)
rCold    . . .     Gourm    .   (no shield)
rNeg     . . .     Faith    .   (helmet restricted)
rPois    .         Spirit   .   (no amulet)
rElec    .         Reflect  .   e - ring of protection from fire (curse)
rCorr    .         Harm     .   (no ring)
MR       .....                  (no ring)
Stlth    +++.......             (no ring)
HPRegen  0.07/turn              (no ring)
MPRegen  0.10/turn              (no ring)
                                (no ring)
                                (no ring)

@: lethally poisoned (0 -> -8)
A: almost no armour, stealthy swim, amphibious, 8 rings, constrict 8, camouflage
1, gelatinous body 1
a: no special abilities


You were on level 2 of the Dungeon.
You were not hungry.

You visited 1 branch of the dungeon, and saw 2 of its levels.

You collected 73 gold pieces.

Inventory:

Hand Weapons
 l - a +0 whip of electrocution (weapon)
Jewellery
 e - a cursed ring of protection from fire (left tentacle)
Scrolls
 g - 2 scrolls of teleportation {unknown}
Potions
 c - 2 potions of lignification {unknown}
 d - a potion of curing {unknown}
 f - 2 potions of invisibility {unknown}
 h - a potion of brilliance {unknown}
 i - a potion of might
 j - a potion of agility {unknown}
 k - a potion of cancellation
Comestibles
 a - 4 chunks of flesh
 b - 4 rations


   Skills:
 + Level 0.2 Fighting
 + Level 2.1 Dodging
 + Level 3.5 Stealth
 + Level 0.8 Unarmed Combat
 + Level 2.1 Spellcasting
   Level 1.0 Conjurations
 + Level 3.4 Ice Magic


You had 5 spell levels left.
You knew the following spells:

 Your Spells              Type           Power        Failure   Level  Hunger
a - Freeze                Ice            ##..         4%          1    #......

Your spell library contained the following spells:

 Spells                   Type           Power        Failure   Level  Hunger
 Throw Frost              Conj/Ice       #.....       11%         2    ###....
 Ozocubu's Armour         Chrm/Ice       #.......     26%         3    ###....
 Throw Icicle             Conj/Ice       #.......     56%         4    #####..
 Summon Ice Beast         Ice/Summ       #.......     65%         4    #####..


Dungeon Overview and Level Annotations

Branches:
Dungeon (2/15)

Altars:


Innate Abilities, Weirdness & Mutations

You cannot wear most types of armour.
You are very stealthy in the water. (Stealth+)
You are amphibious.
You can wear up to eight rings at the same time.
You can use your tentacles to constrict eight enemies at once.
Your skin changes colour to match your surroundings (Stealth+).
Your rubbery body absorbs attacks. (AC +1, EV +1)


Message History

The adder poisons you! The adder bites you.
* * * LOW HITPOINT WARNING * * *
You are too injured to fight recklessly!
You are too injured to fight recklessly!
You are too injured to fight recklessly!
You are too injured to fight recklessly!
You are too injured to fight recklessly!
You are too injured to fight recklessly!
Casting: Freeze (safe; 4% risk of failure)
Confirm with . or Enter, or press ? or * to list all spells.
Aiming: Freeze (safe; 4% risk of failure)
Press: ? - help, Shift-Dir - straight line, f - adder
Aim: an adder (moderately wounded, constricted by you)
You freeze the adder.
The adder seems to slow down.
The adder is heavily wounded.
You constrict the adder. The adder bites you.
* * * LOW HITPOINT WARNING * * *
It was a potion of cancellation.
You feel magically purged.
You constrict the adder.
You die...

#.# .. ...... #.
...... #.######
......###....(.#
......+........+
..... #.....#
....####.....#
#......)@.#
#.....#S###
#.....#..#
#...!.##.#
########.....#
.#
#............#
..
#.....####.###
#.# #.....# #...
#.....# #####


You could see an adder.

Vanquished Creatures
  3 dart slugs
  A leopard gecko (D:1)
  3 goblins (D:1)
  2 hobgoblins
  4 bats (D:1)
  3 frilled lizards (D:1)
  4 kobolds
  2 rats (D:1)
22 creatures vanquished.

Notes
Turn   | Place    | Note
-------+----------+-------------------------------------------
     0 | D:1      | Anon1729 the Octopode Ice Elementalist began the quest for
                  | the Orb.
     0 | D:1      | Reached XP level 1. HP: 11/11 MP: 3/3
    67 | D:1      | Reached XP level 2. HP: 13/17 MP: 0/5
   869 | D:2      | Reached XP level 3. HP: 21/21 MP: 6/6
  1058 | D:2      | Noticed Terence
  1162 | D:2      | HP: 1/21 [adder (4)]
  1163 | D:2      | Succumbed to an adder's poison

Skill      XL: |  1 |
---------------+----+-----
Stealth        | 3 |  3.5
Fighting       | |  0.2
Dodging        | |  2.1
Unarmed Combat | |  0.8
Spellcasting   | |  2.1
Conjurations   | |  1.0
Ice Magic      | |  3.4

Action                   || total
-------------------------++-------
Melee: Unarmed           ||    66
       Constrict         ||    20
       Tentacles         ||    11
       Whip              ||     8
 Cast: Freeze            ||     6
  Use: Potion            ||     1
 Stab: Sleeping          ||    12
  Eat: Chunk             ||     1
Armor: Skin              ||    10
Dodge: Dodged            ||    57
